 Dungeon Crawl Stone Soup version 0.29.0-5-ge4962eb29e (webtiles) character file.

Game seed: 9658484274653280050

97 ImASeal the Shield-Bearer (level 4, 0/44 HPs)
             Began as a Troll Fighter on Aug 29, 2022.
             Succumbed to a scorpion's poison
             ... on level 3 of the Dungeon.
             The game lasted 00:03:45 (1854 turns).

ImASeal the Shield-Bearer (Troll Fighter)           Turns: 1854, Time: 00:03:46

Health: 0/44       AC:  4    Str: 32    XL:     4   Next: 42%
Magic:  1/3        EV:  8    Int:  4    God:
Gold:   96         SH:  7    Dex:  9    Spells: 3/3 levels left

rFire   . . .      SeeInvis .   a - +0 war axe
rCold   . . .      Faith    .   c - +0 kite shield
rNeg    . . .      Spirit   +   b - +0 robe
rPois   .          Reflect  .   (helmet restricted)
rElec   .          Harm     .   (no cloak)
rCorr   .          Rampage  .   (gloves unavailable)
Will    .....                   (boots unavailable)
Stlth   +.........              m - amulet of guardian spirit
HPRegen 0.94/turn               h - +6 ring of strength
MPRegen 0.08/turn               (no ring)

@: lethally poisoned (0 -> -1)
A: large, unfitting armour, claws 3, regeneration 1, shaggy fur 1, tough skin 1
a: no special abilities


You were on level 3 of the Dungeon.
You visited 1 branch of the dungeon, and saw 3 of its levels.

You collected 96 gold pieces.

Inventory:

Hand Weapons
 a - a +0 war axe (weapon)
Missiles
 p - 12 stones (quivered)
Armour
 b - a +0 robe (worn)
 c - a +0 kite shield (worn)
Jewellery
 h - a +6 ring of strength (left claw)
 m - an amulet of guardian spirit (around neck)
Scrolls
 f - a scroll of amnesia {unknown}
 k - 2 scrolls of teleportation
 l - a scroll of fear {unknown}
Potions
 d - a potion of might
 g - 2 potions of haste
 i - a potion of attraction {unknown}
 j - a potion of resistance {unknown}
 n - a potion of curing {unknown}
 o - 2 potions of brilliance


   Skills:
 + Level 2.8 Fighting
 + Level 2.8 Axes
 + Level 2.9 Dodging
 + Level 0.1 Stealth
 + Level 3.0 Shields


You had 3 spell levels left.
You didn't know any spells.
Your spell library was empty.

Dungeon Overview and Level Annotations

Branches:
Dungeon (3/15)

Altars:
Yredelemnul


Innate Abilities, Weirdness & Mutations

You are too large for most types of armour.
You have claws for hands.
Your natural rate of healing is unusually fast.
You are covered in fur. (AC +1)
You have tough skin. (AC +1)


Message History

The scorpion is lightly wounded.
You feel very sick. The scorpion stings you!
The scorpion completely misses you.
You barely miss the scorpion.
The scorpion is lightly wounded.
You feel sick. The scorpion stings you.
You are more poisoned.
The scorpion poisons you! The scorpion stings you.
You barely miss the scorpion.
The scorpion is lightly wounded.
You feel very sick. The scorpion completely misses you.
The scorpion closely misses you.
You barely miss the scorpion.
The scorpion is lightly wounded.
You feel very sick.
The scorpion stings you but does no damage.
You are too injured to fight recklessly!
You hit the scorpion.
The scorpion is heavily wounded.
You feel sick. The scorpion stings you. You block the scorpion's attack.
You barely miss the scorpion.
The scorpion is heavily wounded.
You feel sick. The scorpion stings you.
* * * LOW HITPOINT WARNING * * *
You block the scorpion's attack.
You feel sick. The scorpion attacks as you move away!
You block the scorpion's attack.
You feel sick. The scorpion attacks as you move away! The scorpion stings you!
* * * LOW HITPOINT WARNING * * *
You feel sick. You block the scorpion's attack.
You feel sick.
You are no longer poisoned.
The scorpion attacks as you move away! The scorpion stings you.
* * * LOW HITPOINT WARNING * * *
You are lethally poisoned!
The scorpion poisons you!
* * * LOW HITPOINT WARNING * * *
You feel sick.
You die...

#.#
#.#
##.#
#..#
#.##
#.#
#s#
#.#
#@#
#.#
#.#
#.#
#.###
#.#.##
#....#
###.##
#.#


You could see a scorpion.

Vanquished Creatures
  4 adders (D:2)
  A worm (D:2)
  2 dart slugs (D:1)
  2 orcs (D:2)
  7 bats
  4 endoplasms
  3 giant cockroaches
  3 goblins (D:1)
  6 hobgoblins
  2 quokkas (D:2)
  4 ball pythons
  2 frilled lizards
  6 kobolds
  5 rats
51 creatures vanquished.

Notes
Turn   | Place    | Note
-------+----------+-------------------------------------------
     0 | D:1      | ImASeal the Troll Fighter began the quest for the Orb.
     0 | D:1      | Reached XP level 1. HP: 22/22 MP: 0/0
   214 | D:1      | Reached XP level 2. HP: 29/29 MP: 1/1
   485 | D:1      | Reached XP level 3. HP: 36/36 MP: 2/2
   780 | D:2      | Found a basalt altar of Yredelemnul.
   904 | D:2      | Reached skill level 3 in Shields
  1010 | D:2      | Reached XP level 4. HP: 44/44 MP: 3/3
  1502 | D:2      | Found a faded altar of an unknown god.
  1836 | D:3      | Noticed a scorpion
  1853 | D:3      | HP: 2/44 [poisoned by a scorpion]
  1854 | D:3      | Succumbed to a scorpion's poison

Illustrated notes

Levels and vault maps discovered:
D:1:      dpeg_arrival_prison, layout_loops_cross, st_stairs_2
D:2:      layout_loops_ring, hellmonk_ecumenical_altar_defaced_shrine,
          basic_altar
D:3:      layout_loops_ring, okawaru_metal_pillars_3, serial_shops,
          nicolae_shop_waterfront, ebering_ghost_reflecting_pool,
          wander_ebering_terrifying_dragon_lair

Skill      XL: |  1  2  3 |
---------------+----------+-----
Axes           | 2 |  2.8
Shields        | 3 |  3.0
Fighting       | |  2.8
Dodging        | |  2.9
Stealth        | |  0.1

Action                   |  1- 3 |  4- 6 || total
-------------------------+-------+-------++-------
Melee: War axe           |   120 |    49 ||   169
  Use: Scroll            |       |     3 ||     3
Armor: Robe              |    50 |    28 ||    78
Dodge: Dodged            |    59 |    33 ||    92
Block: Kite shield       |    61 |    34 ||    95
